 Dungeon Crawl Stone Soup version 0.23-a0-635-g88ca12a (console) character file.

5685 bli the Thaumaturge (level 10, -11/53 HPs)
             Began as a Deep Elf Earth Elementalist on Dec 25, 2018.
             Was an Elder of Ashenzari.
             Mangled by a hell rat (13 damage)
             ... on level 9 of the Dungeon on Dec 27, 2018.
             The game lasted 00:51:36 (8815 turns).

bli the Thaumaturge (Deep Elf Earth Elementalist)   Turns: 8815, Time: 00:51:36

Health: -11/53     AC: 10    Str:  6    XL:     10   Next: 47%
Magic:  10/27      EV: 15    Int: 22    God:    Ashenzari [****..]
Gold:   377        SH:  2    Dex: 16    Spells: 10/32 levels left

rFire    . . .     SeeInvis +   q - +0 lajatang (curse)
rCold    + . .     Gourm    .   (shield currently unavailable)
rNeg     . . .     Faith    .   N - +1 leather armour of Fortitude {MR+}
rPois    .         Spirit   .   s - +0 helmet
rElec    .         Reflect  +   J - +0 cloak
rCorr    .         Harm     .   (no gloves)
MR       ++...     Clarity  +   f - +1 pair of boots (curse)
Stlth    +++.......             O - +2 amulet of reflection
HPRegen  0.17/turn              l - +2 ring of protection
MPRegen  0.20/turn              t - ring of protection from cold

@: about to teleport, drained
A: no striking features
a: Curse Item, Scrying, Renounce Religion


You were on level 9 of the Dungeon.
You worshipped Ashenzari.
Ashenzari was greatly pleased with you.
You were not hungry.

You visited 1 branch of the dungeon, and saw 9 of its levels.
You also visited: Sewer and Ossuary.

You collected 377 gold pieces.

Inventory:

Hand Weapons
 e - a +3 hand axe of electrocution
 q - a cursed +0 lajatang (weapon)
 C - a +2 short sword of venom
 I - a +4 quarterstaff of chaos
 X - a +2 whip of electrocution
Missiles
 b - 34 stones (quivered)
 D - 5 tomahawks
Armour
 c - a +0 robe
 f - a cursed +1 pair of boots (worn)
 r - a +0 animal skin
 s - a +0 helmet (worn)
 J - a +0 cloak (worn)
 N - the +1 leather armour of Fortitude (worn) {MR+}
   (You found it on level 6 of the Dungeon)

   It affects your resistance to hostile enchantments.
 Q - a +0 buckler
 R - a +0 pair of boots
 S - the +3 ring mail of the Accordion {Int+2}
   (You found it on level 8 of the Dungeon)

   It affects your intelligence (+2).
Jewellery
 g - an uncursed ring of ice
 l - a +2 ring of protection (left hand)
 t - a ring of protection from cold (right hand)
 O - a +2 amulet of reflection (around neck)
Wands
 u - a wand of digging (7)
 Y - a wand of acid (7)
Scrolls
 a - 10 scrolls of teleportation
 k - a scroll of magic mapping
 n - 2 scrolls of enchant armour {unknown}
 o - 2 scrolls of amnesia
 p - 2 scrolls of fear {unknown}
 v - 5 scrolls of identify
 x - 3 scrolls of fog {unknown}
 P - a scroll of random uselessness
 T - a scroll of noise {unknown}
 W - a scroll of remove curse
Potions
 h - 4 potions of flight {unknown}
 i - 2 potions of agility {unknown}
 j - 2 potions of curing
 m - 3 potions of lignification {unknown}
 A - 5 potions of mutation {unknown}
 E - a potion of might {unknown}
 F - a potion of magic {unknown}
 H - a potion of ambrosia
 K - a potion of berserk rage {unknown}
 L - 2 potions of heal wounds
 U - a potion of haste {unknown}
 V - a potion of resistance {unknown}
Comestibles
 d - 15 rations


   Skills:
 + Level 1.7(1.4) Fighting
 + Level 4.4(8.3) Staves
 + Level 1.6(1.2) Armour
 + Level 6.5(6.1) Dodging
 * Level 4.5(4.1) Stealth
 + Level 11.6(11.2) Spellcasting
 * Level 6.2(5.8) Conjurations
 + Level 1.1(0.7) Transmutations
 * Level 4.8(4.4) Fire Magic
 + Level 8.3(7.9) Earth Magic


You had 10 spell levels left.
You knew the following spells:

 Your Spells              Type           Power        Failure   Level  Hunger
a - Stone Arrow           Conj/Erth      #####.       1%          3    None
b - Sandblast             Erth           #####.       1%          1    None
d - Lee's Rapid Deconstr  Erth           #####.....   9%          5    ####...
f - Throw Flame           Conj/Fire      ####..       1%          2    None
s - Sticky Flame          Conj/Fire      ####....     10%         4    #......
B - Fireball              Conj/Fire      ####......   28%         5    ####...
W - Passwall              Tmut/Erth      ####....     2%          2    None

Your spell library contained the following spells:

 Spells                   Type           Power        Failure   Level  Hunger
 Flame Tongue             Conj/Fire      ####.        1%          1    None
 Conjure Flame            Conj/Fire      ####....     3%          3    None
 Inner Flame              Hex/Fire       ###.....     10%         3    None
 Petrify                  Tmut/Erth      ####....     14%         4    #......


Dungeon Overview and Level Annotations

Branches:
Dungeon (9/15)             Temple (0/1) D:6            Lair (0/6) D:9
    Orc: D:9-12

Altars:
Ashenzari
Cheibriados
Dithmenos
Elyvilon
Kikubaaqudgha
Nemelex Xobeh
Okawaru
Ru
The Shining One


Message History

You feel strangely unstable.
You feel sick. The adder barely misses you.
The The porcupine barely misses you. x2
You feel better. The adder closely misses you. The hell rat closely misses you.
The porcupine bites you but does no damage.
The porcupine bites you.
* * * LOW HITPOINT WARNING * * *
The adder bites you but does no damage.
The hell rat bites you but does no damage.
Casting: Sandblast (safe; 1% risk of failure)
Confirm with . or Enter, or press ? or * to list all spells.
Aiming: Sandblast (safe; 1% risk of failure)
Press: ? - help, Shift-Dir - straight line, f/p - adder
Aim: an adder (severely wounded)
The blast of sand hits the adder.
You kill the adder!
b - 34 stones The porcupine bites you!
* * * LOW HITPOINT WARNING * * *
The porcupine barely misses you. The hell rat bites you!
You die...

.# , ,., , #####. .# * , , ,, ,
** #. .# * {{ #. .# , ,*......
^#* #. .## , .... .# ##### #.# *
...##.# #.... .## **#.#...##
#.### ## * , ** #......## #.### #
* ,., * ##.......## #.#.#
#######. ....####r........###....
........ .......@r.<††....+......
#######......####r........####...
... ** ##.......## ##.# * #.#*
##.....## ##. #.# ##...## #. #.#
##+## #. #.# #.# #. ####.#### #.#
#Y #..>....# ##.## #. #.##.##.#
##...## #. #.##.##<# #..#..# #.


You could see a hell rat and 2 porcupines.

Vanquished Creatures
  A death yak (D:9)
  A troll (D:9)
  2 hornets (D:8)
  Sigmund (D:5)
  Eustachio (D:3)
  2 soldier ants (D:8)
  A porcupine (D:9)
  An ice beast (D:7)
  2 orc warriors (D:8)
  4 sky beasts
  An ogre (D:8)
  2 centaurs
  Blork the orc (D:6)
  9 big kobolds
  8 bullfrogs
  3 scorpions
  6 howler monkeys
  3 crimson imps
  A quasit (D:8)
  2 orc priests
  A bullfrog zombie (D:7)
  2 centaur skeletons
  A gnoll shaman (D:9)
  7 hounds
  A jelly (D:9)
  5 orc wizards
  Crazy Yiuf (D:5)
  3 iguanas
  2 worker ants
  A hound zombie (D:8)
  12 mummies (Ossuary)
  Robin (D:2)
  A worker ant zombie (D:5)
  12 gnolls
  12 adders
  3 oozes (Sewer)
  3 adder skeletons
  2 worms
  A dart slug (D:5)
  7 leopard geckos
  27 orcs
  5 ball pythons (Sewer)
  4 giant cockroaches
  12 hobgoblins
  4 jackals
  16 kobolds
  3 quokkas
  7 bats
  A frilled lizard (D:2)
  2 gnoll skeletons (Ossuary)
  11 goblins
  2 goblin skeletons (Ossuary)
  A jackal zombie (D:4)
  A kobold skeleton (Ossuary)
  3 orc skeletons (Ossuary)
  2 quokka skeletons
  15 rats
  11 rat skeletons (Ossuary)
257 creatures vanquished.

Notes
Turn   | Place    | Note
-------+----------+-------------------------------------------
     0 | D:1      | bli the Deep Elf Earth Elementalist began the quest for the
                  | Orb.
     0 | D:1      | Reached XP level 1. HP: 10/10 MP: 6/6
   190 | D:1      | Reached XP level 2. HP: 15/15 MP: 2/8
  1086 | D:2      | Reached XP level 3. HP: 19/19 MP: 7/10
  1094 | D:2      | Noticed Robin
  1110 | D:2      | Killed Robin
  1110 | D:2      | Reached skill level 4 in Spellcasting
  1163 | D:2      | Learned a level 3 spell: Stone Arrow
  1544 | D:2      | Reached XP level 4. HP: 24/24 MP: 1/12
  1608 | D:2      | Found a faded altar of an unknown god.
  1618 | D:2      | Became a worshipper of Ashenzari the Shackled
  1618 | D:2      | Reached * piety under Ashenzari
  2168 | D:3      | Reached skill level 5 in Spellcasting
  2592 | D:4      | Noticed Eustachio
  2606 | D:3      | Killed Eustachio
  2606 | D:3      | Reached skill level 1 in Staves
  2606 | D:3      | Reached XP level 5. HP: 12/28 MP: 3/15
  2705 | D:4      | Reached XP level 6. HP: 9/33 MP: 10/16
  2708 | D:4      | Reached skill level 5 in Earth Magic
  2823 | D:4      | Reached skill level 6 in Spellcasting
  2832 | D:4      | Learned a level 4 spell: Sticky Flame
  2838 | D:4      | Learned a level 5 spell: Lee's Rapid Deconstruction
  2841 | D:4      | Learned a level 2 spell: Throw Flame
  2872 | D:4      | Reached ** piety under Ashenzari
  3104 | D:4      | Found a snail-covered altar of Cheibriados.
  3229 | D:5      | Entered Level 5 of the Dungeon
  3320 | D:5      | Reached skill level 7 in Spellcasting
  3330 | D:5      | Reached skill level 1 in Conjurations
  3330 | D:5      | Reached XP level 7. HP: 37/37 MP: 0/19
  3531 | D:5      | Learned a level 2 spell: Passwall
  3558 | D:5      | Found a glowing drain.
  3559 | Sewer    | Entered a sewer
  3854 | Sewer    | Reached skill level 8 in Spellcasting
  3873 | Sewer    | Reached skill level 1 in Fire Magic
  3983 | Sewer    | Upgraded the game from 0.23-a0-629-gae4348f to
                  | 0.23-a0-635-g88ca12a
  3983 | Sewer    | Reached XP level 8. HP: 42/42 MP: 16/22
  4320 | D:5      | Noticed Sigmund
  4334 | D:5      | Killed Sigmund
  4334 | D:5      | Reached skill level 9 in Spellcasting
  4665 | D:5      | Found a runed door.
  4669 | D:5      | Noticed Crazy Yiuf
  4672 | D:5      | Killed Crazy Yiuf
  4904 | D:6      | Found a staircase to the Ecumenical Temple.
  5032 | D:6      | Found a sacrificial altar of Ru.
  5035 | D:6      | Found an iron altar of Okawaru.
  5165 | D:6      | Found an ancient bone altar of Kikubaaqudgha.
  5166 | D:6      | Found a white marble altar of Elyvilon.
  5171 | D:6      | Found a glowing golden altar of the Shining One.
  5246 | D:6      | Reached *** piety under Ashenzari
  5277 | D:6      | Noticed Blork the orc
  5286 | D:6      | Killed Blork the orc
  5286 | D:6      | Reached XP level 9. HP: 42/46 MP: 7/24
  5300 | D:6      | Got the uncursed leather armour of Fortitude {MR+}
  5311 | D:6      | Identified the +1 leather armour of Fortitude {MR+} (You
                  | found it on level 6 of the Dungeon)
  5465 | D:6      | Reached skill level 10 in Spellcasting
  5734 | D:7      | Reached skill level 1 in Fighting
  6085 | D:8      | Found a sparkling altar of Nemelex Xobeh.
  6140 | D:8      | Reached skill level 5 in Dodging
  6170 | D:8      | Reached skill level 1 in Armour
  6567 | D:8      | Got the uncursed ring mail of the Accordion {Int+2}
  6568 | D:8      | Found a sand-covered staircase.
  6573 | Ossuary  | Entered an ossuary
  7252 | D:8      | Reached skill level 11 in Spellcasting
  7252 | D:8      | Reached skill level 5 in Conjurations
  7506 | D:8      | Reached XP level 10. HP: 52/52 MP: 22/27
  7517 | D:8      | Learned a level 5 spell: Fireball
  7964 | D:9      | Reached **** piety under Ashenzari
  7975 | D:9      | Found a staircase to the Lair.
  7975 | D:9      | Noticed a death yak
  7983 | D:9      | Noticed a death yak
  7996 | D:9      | Noticed a death yak
  8002 | D:9      | Killed a death yak
  8188 | D:9      | Found a shadowy altar of Dithmenos.
  8815 | D:9      | HP: 2/53 [porcupine (7)]
  8815 | D:9      | Mangled by a hell rat

Vault maps used:
D:1:      dpeg_arrival_another_circle
D:2:      chequers_ecumenical_altar_simple, minmay_hexomino_c4, uniq_robin
D:3:      serial_bayou_pond_a
D:4:      nicolae_overflow_crystal_walls, uniq_eustachio
D:5:      portal_sewer_entry_d, first_ration, minmay_statues_item,
          uniq_crazy_yiuf_cottage, uniq_sigmund
D:6:      grunt_temple_overflow_open, minmay_temple_entry_glass,
          minmay_misc_feat_square, uniq_blork_the_orc
D:7:      minmay_evil_eye
D:8:      nemelex_xobeh_ov_fountains_minmay, enter_ossuary_5,
          hangedman_pestilent_swarm
D:9:      nicolae_dithmenos_shadow_blocks, dpeg_lair_monsters, minivault_13
Sewer:    sewer_co_tree
Ossuary:  ossuary_due_small_catacomb

Skill      XL: |  1  2  3  4  5  6  7  8  9 10 |
---------------+-------------------------------+-----
Earth Magic    | 4 5 7 8 |  8.3
Spellcasting   | 4 5 7 8 9 11 | 11.6
Staves         | 1 2 3 4 |  4.4
Dodging        | 3 4 6 |  6.5
Stealth        | 3 4 |  4.5
Conjurations   | 1 2 4 5 6 |  6.2
Fire Magic     | 1 3 4 |  4.8
Fighting       | 1 |  1.7
Armour         | 1 |  1.6
Transmutations | |  1.1

Action                   |  1- 3 |  4- 6 |  7- 9 | 10-12 || total
-------------------------+-------+-------+-------+-------++-------
Melee: Unarmed           |    12 |       |       |       ||    12
       Dagger            |    46 |       |       |       ||    46
       Quarterstaff      |    15 |       |       |       ||    15
       Lajatang          |       |    35 |    86 |    10 ||   131
Throw: Stone             |     2 |     3 |     1 |       ||     6
 Cast: Sandblast         |    50 |    43 |    73 |    23 ||   189
       Stone Arrow       |     4 |     6 |    37 |    23 ||    70
       Throw Flame       |       |    11 |   113 |    40 ||   164
       Passwall          |       |       |     1 |       ||     1
       Sticky Flame      |       |       |     5 |       ||     5
       Lee's Rapid Decon |       |       |     8 |     5 ||    13
Invok: Curse Item        |       |     2 |       |       ||     2
  Use: Scroll            |       |       |     6 |     1 ||     7
       Potion            |       |       |       |     3 ||     3
 Stab: Sleeping          |     2 |     4 |       |       ||     6
  Eat: Chunk             |     2 |     6 |    12 |     4 ||    24
       Ration            |       |       |     1 |       ||     1
Armor: Robe              |    25 |       |       |       ||    25
       Animal skin       |    12 |    14 |    23 |       ||    49
       Leather armour    |       |       |    13 |    14 ||    27
Dodge: Dodged            |    92 |    24 |    65 |    51 ||   232
Block: Other             |       |       |     2 |     2 ||     4

Table legend:
 A = Non-vault XP
 B = Vault XP
 C = Vault XP percentage of total XP
 D = Non-vault monster count
 E = Vault monster count
 F = Vault count percentage of total count
                 A         B        C        D         E       F
            +---------+---------+-------+---------+---------+-------
      Total |    4369 |    3753 |  46.2 |     171 |      86 |  33.5
            +---------+---------+-------+---------+---------+-------
        D:1 |      36 |       0 |   0.0 |      24 |       0 |   0.0
        D:2 |      32 |      36 |  52.9 |      13 |      11 |  45.8
        D:3 |      34 |     208 |  86.0 |      12 |       1 |   7.7
        D:4 |     196 |       0 |   0.0 |      13 |       0 |   0.0
        D:5 |     678 |     274 |  28.8 |      31 |       3 |   8.8
        D:6 |     595 |      99 |  14.3 |      17 |       1 |   5.6
        D:7 |     239 |     186 |  43.8 |       4 |       3 |  42.9
        D:8 |    1238 |     855 |  40.9 |      28 |       4 |  12.5
        D:9 |    1321 |    1020 |  43.6 |      29 |       4 |  12.1
      Sewer |       0 |     844 | 100.0 |       0 |      28 | 100.0
    Ossuary |       0 |     231 | 100.0 |       0 |      31 | 100.0
            +---------+---------+-------+---------+---------+-------
